[ AOE2 MATCH · #482866712 ]
Team RMFranks vs Goths
[ REPLAY ANALYSIS · EXTRACTED FROM THE RECORDED GAME ]
Feudal
9:19
Castle
24:28
Imperial
45:50
| APM avg | 18.4 |
| APM peak | 46 |
| eAPM avg | 11.1 |
| Villagers / military | 98 / 152 |
Focus
⚔️ 37.8% · 🌾 62.2%
Knight ×84 · Throwing Axeman ×51 · Spearman ×13 · Trebuchet (Packed) ×2 · Monk ×1 · Scout Cavalry ×1
Feudal
12:15
Castle
23:37
Imperial
48:02
| APM avg | 24.2 |
| APM peak | 71 |
| eAPM avg | 10.9 |
| Villagers / military | 111 / 116 |
Focus
⚔️ 39.9% · 🌾 60.1%
Militia ×51 · Huskarl ×36 · Spearman ×29
Feudal
10:22
Castle
24:05
Imperial
35:23
| APM avg | 34.5 |
| APM peak | 63 |
| eAPM avg | 20.0 |
| Villagers / military | 130 / 359 |
Focus
⚔️ 52.8% · 🌾 47.2%
Militia ×197 · Skirmisher ×83 · Spearman ×58 · Unknown (1974) ×25 · Unknown (1942) ×21 · Archer ×17
Feudal
11:11
Castle
20:24
Imperial
36:16
| APM avg | 13.4 |
| APM peak | 29 |
| eAPM avg | 10.7 |
| Villagers / military | 73 / 296 |
Focus
⚔️ 44.5% · 🌾 55.5%
Chu Ko Nu ×290 · Skirmisher ×6
Feudal
10:11
Castle
27:27
Imperial
—
| APM avg | 33.8 |
| APM peak | 98 |
| eAPM avg | 8.6 |
| Villagers / military | 68 / 51 |
Focus
⚔️ 28.0% · 🌾 72.0%
Archer ×47 · Mangonel ×2 · Battering Ram ×2
Feudal
11:27
Castle
33:40
Imperial
—
| APM avg | 13.1 |
| APM peak | 41 |
| eAPM avg | 7.3 |
| Villagers / military | 98 / 1 |
Focus
⚔️ 21.7% · 🌾 78.3%
Unknown (2550) ×13 · Mangonel ×1
Match map
Initial resources + every placement click. Lines = walls · curves = elevation contours. ◆ gold · ⬟ stone · ● berries · ✦ relic · ◌ wall gap
Your base· Open — unwalled flank
RainyNight's base· Open — unwalled flank
Fingus's base· Open — 4t gap
Silver Light's base· Open — unwalled flank
BlackKanon07's base· Open — unwalled flank
Router's base· Open — unwalled flank
Smoothed initial terrain · ◌ = detected wall gap · hover for details
Inputs per minute
— Lemurius - - RainyNight
Build order — Lemurius
First 150 of 379 actions detected
| 0:34 | Create | Villager (Male) |
| 0:35 | Research | Loom |
| 0:49 | Build | House |
| 1:39 | Build | Lumber Camp |
| 1:49 | Create | Villager (Male) |
| 1:49 | Create | Villager (Male) |
| 1:51 | Create | Villager (Male) |
| 2:13 | Create | Villager (Male) |
| 2:53 | Create | Villager (Male) |
| 3:44 | Build | Mill |
| 5:24 | Build | House |
| 7:09 | Research | Feudal Age |
| 7:52 | Create | Villager (Male) |
| 7:53 | Create | Villager (Male) |
| 8:04 | Build | Farm |
| 8:51 | Create | Villager (Male) |
| 9:06 | Create | Villager (Male) |
| 9:19 | Age | Feudal Age |
| 9:42 | Create | Villager (Male) |
| 9:53 | Build | House |
| 10:08 | Create | Villager (Male) |
| 10:45 | Research | Double-Bit Axe |
| 11:13 | Create | Villager (Male) |
| 11:40 | Create | Villager (Male) |
| 12:05 | Create | Villager (Male) |
| 12:13 | Build | Farm |
| 12:16 | Build | Farm |
| 12:28 | Build | Farm |
| 12:34 | Create | Villager (Male) |
| 12:53 | Build | Mining Camp |
| 13:04 | Create | Villager (Male) |
| 13:04 | Create | Villager (Male) |
| 13:23 | Build | Farm |
| 13:28 | Create | Villager (Male) |
| 13:36 | Build | House |
| 14:10 | Build | House |
| 14:12 | Build | House |
| 14:22 | Build | Farm |
| 14:25 | Create | Villager (Male) |
| 14:30 | Create | Villager (Male) |
| 14:51 | Create | Villager (Male) |
| 15:08 | Build | Barracks |
| 15:20 | Build | Farm |
| 15:36 | Create | Villager (Male) |
| 15:36 | Create | Villager (Male) |
| 15:53 | Build | Farm |
| 16:02 | Create | Villager (Male) |
| 16:03 | Create | Villager (Male) |
| 16:39 | Build | Blacksmith |
| 17:01 | Research | Wheelbarrow |
| 17:10 | Build | Farm |
| 17:45 | Build | Farm |
| 18:02 | Build | Farm |
| 18:10 | Build | Farm |
| 18:18 | Create | Villager (Male) |
| 18:21 | Create | Villager (Male) |
| 18:21 | Create | Villager (Male) |
| 18:21 | Create | Villager (Male) |
| 18:36 | Create | Spearman |
| 18:36 | Create | Spearman |
| 18:36 | Create | Spearman |
| 19:58 | Build | Market |
| 20:33 | Build | House |
| 20:34 | Build | House |
| 21:03 | Build | Farm |
| 21:40 | Build | Lumber Camp |
| 21:48 | Research | Castle Age |
| 21:53 | Build | Farm |
| 22:01 | Build | House |
| 22:04 | Build | House |
| 22:05 | Build | House |
| 22:11 | Create | Villager (Male) |
| 22:12 | Create | Villager (Male) |
| 22:12 | Create | Villager (Male) |
| 22:45 | Create | Spearman |
| 22:45 | Create | Spearman |
| 23:39 | Research | Scale Barding Armor |
| 24:28 | Age | Castle Age |
| 24:36 | Build | Town Center |
| 24:40 | Create | Villager (Male) |
| 24:41 | Create | Villager (Male) |
| 24:52 | Build | Stable |
| 24:54 | Build | Stable |
| 24:55 | Build | Stable |
| 25:09 | Research | Gold Mining |
| 25:16 | Research | Bow Saw |
| 25:39 | Build | Mining Camp |
| 26:33 | Build | Monastery |
| 26:45 | Build | Farm |
| 27:05 | Build | Farm |
| 27:14 | Create | Villager (Male) |
| 27:14 | Create | Villager (Male) |
| 27:20 | Create | Villager (Male) |
| 27:21 | Create | Villager (Male) |
| 27:21 | Create | Villager (Male) |
| 27:21 | Create | Villager (Male) |
| 27:28 | Build | Farm |
| 27:31 | Build | Farm |
| 27:34 | Build | Farm |
| 27:54 | Build | Farm |
| 28:04 | Create | Monk |
| 28:08 | Build | Farm |
| 28:10 | Build | Farm |
| 28:33 | Research | Stone Mining |
| 28:40 | Research | Chain Barding Armor |
| 28:46 | Create | Villager (Male) |
| 28:47 | Create | Villager (Male) |
| 28:54 | Build | Farm |
| 29:56 | Research | Pikeman (upgrade) |
| 29:58 | Create | Knight |
| 29:59 | Create | Knight |
| 29:59 | Create | Knight |
| 29:59 | Create | Knight |
| 30:13 | Build | Farm |
| 30:39 | Create | Villager (Male) |
| 30:39 | Create | Villager (Male) |
| 30:39 | Create | Villager (Male) |
| 30:42 | Create | Villager (Male) |
| 30:43 | Create | Villager (Male) |
| 30:43 | Create | Villager (Male) |
| 30:43 | Create | Villager (Male) |
| 30:43 | Create | Villager (Male) |
| 30:44 | Create | Villager (Male) |
| 30:44 | Create | Villager (Male) |
| 30:51 | Create | Villager (Male) |
| 30:51 | Create | Villager (Male) |
| 30:59 | Build | House |
| 31:00 | Build | House |
| 31:03 | Build | House |
| 31:40 | Build | Castle |
| 32:13 | Build | Castle |
| 32:29 | Create | Knight |
| 32:29 | Create | Knight |
| 32:29 | Create | Knight |
| 32:30 | Create | Knight |
| 32:57 | Create | Knight |
| 32:57 | Create | Knight |
| 32:58 | Create | Knight |
| 34:24 | Research | Husbandry |
| 34:25 | Create | Knight |
| 34:25 | Create | Knight |
| 34:25 | Create | Knight |
| 34:25 | Create | Knight |
| 34:31 | Create | Villager (Male) |
| 34:31 | Create | Villager (Male) |
| 34:31 | Create | Villager (Male) |
| 34:31 | Create | Villager (Male) |
| 34:35 | Create | Villager (Male) |
| 34:35 | Create | Villager (Male) |
| 34:36 | Create | Villager (Male) |
Build order — RainyNight
First 150 of 354 actions detected
| 0:02 | Create | Villager (Male) |
| 0:02 | Create | Villager (Male) |
| 0:02 | Create | Villager (Male) |
| 0:04 | Build | House |
| 0:06 | Build | House |
| 0:40 | Create | Villager (Male) |
| 0:40 | Create | Villager (Male) |
| 0:42 | Research | Loom |
| 1:36 | Create | Villager (Male) |
| 2:12 | Create | Villager (Male) |
| 2:23 | Create | Villager (Male) |
| 2:23 | Create | Villager (Male) |
| 2:39 | Create | Villager (Male) |
| 2:45 | Build | House |
| 2:45 | Build | House |
| 2:46 | Build | House |
| 3:08 | Create | Villager (Male) |
| 4:04 | Create | Villager (Male) |
| 4:04 | Create | Villager (Male) |
| 4:28 | Create | Villager (Male) |
| 4:28 | Create | Villager (Male) |
| 4:49 | Create | Villager (Male) |
| 4:49 | Create | Villager (Male) |
| 5:20 | Create | Villager (Male) |
| 5:21 | Create | Villager (Male) |
| 5:45 | Create | Villager (Male) |
| 6:17 | Create | Villager (Male) |
| 6:17 | Create | Villager (Male) |
| 6:49 | Create | Villager (Male) |
| 6:59 | Create | Villager (Male) |
| 7:56 | Create | Villager (Male) |
| 8:37 | Build | Barracks |
| 8:57 | Create | Villager (Male) |
| 9:15 | Build | Lumber Camp |
| 9:35 | Build | Mining Camp |
| 9:40 | Create | Villager (Male) |
| 9:40 | Create | Villager (Male) |
| 9:57 | Research | Feudal Age |
| 10:37 | Create | Militia |
| 10:38 | Create | Militia |
| 10:38 | Create | Militia |
| 10:43 | Build | House |
| 10:46 | Build | House |
| 11:06 | Create | Militia |
| 11:31 | Build | Mill |
| 11:40 | Create | Villager (Male) |
| 11:44 | Create | Militia |
| 12:02 | Create | Militia |
| 12:15 | Age | Feudal Age |
| 12:19 | Create | Villager (Male) |
| 12:27 | Research | Man-at-Arms (upgrade) |
| 12:39 | Research | Double-Bit Axe |
| 12:52 | Create | Villager (Male) |
| 13:09 | Create | Militia |
| 13:09 | Create | Militia |
| 13:21 | Create | Villager (Male) |
| 13:39 | Build | Blacksmith |
| 14:04 | Create | Villager (Male) |
| 14:34 | Build | Watch Tower |
| 14:50 | Create | Villager (Male) |
| 14:51 | Create | Villager (Male) |
| 14:58 | Build | House |
| 15:00 | Build | House |
| 15:21 | Build | Farm |
| 15:26 | Research | Scale Mail Armor |
| 15:32 | Create | Villager (Male) |
| 16:10 | Build | Farm |
| 16:10 | Build | Farm |
| 16:10 | Build | Farm |
| 16:11 | Build | Farm |
| 16:11 | Build | Farm |
| 16:11 | Build | Farm |
| 16:12 | Build | Farm |
| 16:26 | Research | Wheelbarrow |
| 16:29 | Build | Farm |
| 16:37 | Build | Farm |
| 17:05 | Build | Farm |
| 17:46 | Create | Villager (Male) |
| 17:46 | Create | Villager (Male) |
| 18:15 | Build | Farm |
| 18:17 | Build | Farm |
| 19:05 | Create | Villager (Male) |
| 19:05 | Create | Villager (Male) |
| 19:33 | Build | Farm |
| 19:40 | Build | House |
| 19:43 | Create | Villager (Male) |
| 20:21 | Build | Market |
| 20:42 | Build | Mining Camp |
| 20:57 | Research | Castle Age |
| 21:03 | Research | Stone Mining |
| 22:27 | Build | Mining Camp |
| 23:37 | Age | Castle Age |
| 23:41 | Create | Villager (Male) |
| 23:42 | Create | Villager (Male) |
| 23:42 | Create | Villager (Male) |
| 23:53 | Research | Squires |
| 25:00 | Create | Villager (Male) |
| 25:00 | Create | Villager (Male) |
| 26:33 | Build | Castle |
| 26:43 | Create | Villager (Male) |
| 26:44 | Create | Villager (Male) |
| 27:28 | Build | Farm |
| 27:35 | Create | Huskarl |
| 27:35 | Create | Huskarl |
| 27:53 | Build | Farm |
| 27:55 | Build | Farm |
| 27:55 | Build | Farm |
| 27:55 | Build | Farm |
| 27:55 | Build | Farm |
| 28:06 | Research | Anarchy |
| 28:19 | Create | Villager (Male) |
| 28:46 | Build | Town Center |
| 28:52 | Create | Huskarl |
| 28:53 | Create | Huskarl |
| 29:25 | Create | Huskarl |
| 29:25 | Create | Huskarl |
| 29:28 | Create | Huskarl |
| 29:34 | Build | Farm |
| 29:34 | Build | Farm |
| 29:35 | Build | Farm |
| 29:35 | Build | Farm |
| 29:41 | Create | Huskarl |
| 29:51 | Build | Barracks |
| 29:58 | Create | Huskarl |
| 29:59 | Create | Huskarl |
| 29:59 | Create | Huskarl |
| 30:11 | Create | Huskarl |
| 30:12 | Create | Huskarl |
| 30:12 | Create | Huskarl |
| 30:27 | Create | Huskarl |
| 30:28 | Create | Huskarl |
| 30:28 | Create | Huskarl |
| 31:08 | Create | Huskarl |
| 31:08 | Create | Huskarl |
| 31:08 | Create | Huskarl |
| 31:09 | Create | Huskarl |
| 31:09 | Create | Huskarl |
| 31:09 | Create | Huskarl |
| 31:34 | Create | Huskarl |
| 31:42 | Create | Villager (Male) |
| 31:42 | Create | Villager (Male) |
| 31:43 | Create | Villager (Male) |
| 31:43 | Create | Villager (Male) |
| 31:43 | Create | Villager (Male) |
| 32:49 | Create | Villager (Male) |
| 32:49 | Create | Villager (Male) |
| 32:50 | Create | Villager (Male) |
| 32:52 | Create | Villager (Male) |
| 32:53 | Create | Villager (Male) |
| 32:53 | Create | Villager (Male) |
Build order — Fingus
First 150 of 434 actions detected
| 0:02 | Create | Villager (Male) ×4 |
| 0:05 | Build | House |
| 0:06 | Build | House |
| 1:44 | Create | Villager (Male) |
| 2:02 | Create | Villager (Male) |
| 2:26 | Create | Villager (Male) |
| 2:56 | Create | Villager (Male) |
| 3:04 | Build | House |
| 3:24 | Create | Villager (Male) |
| 3:54 | Create | Villager (Male) |
| 3:54 | Create | Villager (Male) |
| 3:55 | Create | Villager (Male) |
| 4:21 | Build | Barracks |
| 4:45 | Create | Villager (Male) |
| 5:03 | Create | Militia ×3 |
| 5:14 | Create | Villager (Male) ×3 |
| 5:15 | Create | Villager (Male) |
| 5:15 | Create | Villager (Male) |
| 5:33 | Build | House |
| 5:35 | Build | House |
| 6:52 | Build | Lumber Camp |
| 6:56 | Create | Villager (Male) |
| 7:22 | Create | Villager (Male) |
| 7:26 | Research | Loom |
| 8:04 | Research | Feudal Age |
| 8:05 | Build | Mill |
| 9:04 | Build | Mining Camp |
| 9:55 | Create | Villager (Male) |
| 10:04 | Build | Lumber Camp |
| 10:12 | Build | House |
| 10:22 | Age | Feudal Age |
| 10:24 | Research | Man-at-Arms (upgrade) |
| 10:26 | Create | Villager (Male) |
| 10:37 | Build | Blacksmith |
| 10:42 | Research | Double-Bit Axe |
| 10:45 | Create | Militia |
| 10:45 | Create | Militia |
| 11:36 | Create | Villager (Male) |
| 11:46 | Create | Militia |
| 11:59 | Create | Villager (Male) |
| 12:01 | Research | Horse Collar |
| 12:04 | Build | House |
| 12:06 | Research | Town Watch |
| 12:11 | Build | House |
| 12:12 | Build | House |
| 12:25 | Build | Archery Range |
| 12:35 | Build | Farm |
| 12:51 | Build | Farm |
| 12:56 | Create | Villager (Male) |
| 13:07 | Build | Farm |
| 13:21 | Create | Archer |
| 13:21 | Create | Archer |
| 13:29 | Create | Villager (Male) |
| 13:33 | Build | House |
| 13:36 | Create | Villager (Male) |
| 13:47 | Build | Farm |
| 13:50 | Build | Farm |
| 13:51 | Create | Archer |
| 13:51 | Create | Archer |
| 14:05 | Research | Arson |
| 14:30 | Create | Villager (Male) |
| 14:32 | Build | Farm |
| 14:34 | Build | Farm |
| 14:36 | Build | Farm |
| 14:42 | Create | Archer |
| 14:45 | Build | House |
| 14:48 | Build | Palisade Gate |
| 14:50 | Build | House |
| 14:51 | Build | Palisade Wall |
| 15:07 | Create | Villager (Male) |
| 15:07 | Create | Villager (Male) |
| 15:29 | Create | Archer |
| 15:30 | Create | Militia |
| 15:37 | Build | Farm |
| 15:38 | Build | Farm |
| 15:39 | Build | Farm |
| 15:40 | Build | Farm |
| 15:59 | Create | Villager (Male) |
| 16:03 | Create | Skirmisher |
| 16:05 | Create | Archer |
| 16:16 | Create | Villager (Male) |
| 16:18 | Build | Farm |
| 16:20 | Build | Farm |
| 16:37 | Create | Archer |
| 16:39 | Create | Archer |
| 16:40 | Build | Farm |
| 16:49 | Create | Villager (Male) |
| 16:49 | Create | Villager (Male) |
| 16:52 | Research | Wheelbarrow |
| 17:55 | Create | Archer |
| 17:55 | Create | Archer |
| 17:58 | Create | Villager (Male) |
| 17:58 | Create | Villager (Male) |
| 18:21 | Create | Militia |
| 18:34 | Build | Farm |
| 18:34 | Build | Farm |
| 18:34 | Build | Farm |
| 18:34 | Build | Farm |
| 18:35 | Build | Farm |
| 18:36 | Build | Farm |
| 19:14 | Create | Archer |
| 19:33 | Build | Farm |
| 19:35 | Create | Villager (Male) |
| 19:35 | Create | Villager (Male) |
| 20:23 | Create | Villager (Male) |
| 20:28 | Build | Market |
| 20:31 | Build | House |
| 20:33 | Research | Gold Mining |
| 20:49 | Research | Scale Mail Armor |
| 20:52 | Create | Villager (Male) |
| 21:25 | Research | Castle Age |
| 21:31 | Build | Palisade Gate |
| 21:34 | Build | Palisade Wall |
| 21:42 | Build | Palisade Wall |
| 21:45 | Build | Palisade Wall |
| 21:46 | Build | Palisade Wall |
| 21:51 | Build | Lumber Camp |
| 21:53 | Build | Lumber Camp |
| 21:55 | Build | Farm |
| 22:03 | Research | Forging |
| 22:13 | Build | Barracks |
| 22:16 | Build | Barracks |
| 23:08 | Build | Watch Tower |
| 23:13 | Research | Fletching |
| 23:21 | Build | Barracks |
| 23:27 | Build | Palisade Gate |
| 23:30 | Build | Palisade Wall |
| 23:32 | Build | Palisade Wall |
| 23:57 | Build | Mining Camp |
| 24:02 | Create | Villager (Male) ×5 |
| 24:05 | Age | Castle Age |
| 24:06 | Research | Gold Shaft Mining |
| 24:07 | Research | Bow Saw |
| 24:08 | Research | Heavy Plow |
| 24:12 | Research | Chain Mail Armor |
| 24:14 | Create | Unit 1974 ×3 |
| 24:15 | Create | Unit 1974 ×3 |
| 24:16 | Research | Squires |
| 24:22 | Create | Unit 1974 ×2 |
| 24:23 | Create | Unit 1974 |
| 24:51 | Research | Iron Casting |
| 25:05 | Build | Palisade Wall |
| 25:07 | Build | Palisade Wall |
| 25:09 | Build | Palisade Wall |
| 25:10 | Build | Palisade Wall |
| 25:18 | Create | Unit 1974 ×2 |
| 25:18 | Create | Unit 1974 |
| 25:20 | Create | Villager (Male) |
| 25:37 | Create | Unit 1974 ×2 |
| 25:38 | Create | Villager (Male) |
Build order — Silver Light
First 150 of 276 actions detected
| 0:36 | Create | Villager (Male) |
| 1:05 | Create | Villager (Male) |
| 1:30 | Create | Villager (Male) |
| 1:50 | Create | Villager (Male) |
| 2:08 | Create | Villager (Male) |
| 2:39 | Create | Villager (Male) |
| 2:42 | Create | Villager (Male) |
| 2:50 | Build | House |
| 2:51 | Build | House |
| 2:52 | Build | House |
| 3:18 | Create | Villager (Male) |
| 3:18 | Create | Villager (Male) |
| 3:30 | Create | Villager (Male) |
| 3:30 | Create | Villager (Male) |
| 4:26 | Create | Villager (Male) |
| 4:53 | Build | Mill |
| 5:04 | Create | Villager (Male) |
| 5:04 | Create | Villager (Male) |
| 5:04 | Create | Villager (Male) |
| 5:52 | Create | Villager (Male) |
| 5:52 | Create | Villager (Male) |
| 5:59 | Create | Villager (Male) |
| 5:59 | Create | Villager (Male) |
| 6:00 | Create | Villager (Male) |
| 6:04 | Create | Villager (Male) |
| 6:10 | Create | Villager (Male) |
| 6:28 | Build | Lumber Camp |
| 7:56 | Build | Mill |
| 8:19 | Research | Feudal Age |
| 8:19 | Research | Loom |
| 9:11 | Build | Mining Camp |
| 9:21 | Build | Mining Camp |
| 10:51 | Build | House |
| 10:54 | Build | House |
| 10:55 | Build | House |
| 10:56 | Build | House |
| 11:11 | Age | Feudal Age |
| 11:14 | Create | Villager (Male) |
| 11:14 | Create | Villager (Male) |
| 11:14 | Create | Villager (Male) |
| 11:15 | Create | Villager (Male) |
| 11:31 | Build | Watch Tower |
| 11:43 | Build | Watch Tower |
| 11:59 | Build | Barracks |
| 12:08 | Build | Farm |
| 12:26 | Build | Blacksmith |
| 13:14 | Build | Archery Range |
| 13:21 | Create | Villager (Male) |
| 13:22 | Create | Villager (Male) |
| 13:22 | Create | Villager (Male) |
| 13:22 | Create | Villager (Male) |
| 13:36 | Build | Farm |
| 13:53 | Build | Farm |
| 14:13 | Build | Watch Tower |
| 14:24 | Build | Farm |
| 14:39 | Build | Farm |
| 15:02 | Build | Farm |
| 15:05 | Create | Villager (Male) |
| 15:05 | Create | Villager (Male) |
| 15:05 | Create | Villager (Male) |
| 15:09 | Build | Farm |
| 15:23 | Build | Farm |
| 15:34 | Build | Farm |
| 15:54 | Build | Farm |
| 16:02 | Build | Farm |
| 16:10 | Build | Farm |
| 16:18 | Create | Villager (Male) |
| 16:19 | Create | Villager (Male) |
| 16:19 | Create | Villager (Male) |
| 16:34 | Build | Farm |
| 16:52 | Build | Farm |
| 17:12 | Build | Farm |
| 17:15 | Build | Farm |
| 17:25 | Build | Farm |
| 17:44 | Research | Castle Age |
| 17:47 | Build | Farm |
| 18:05 | Build | House |
| 18:07 | Build | House |
| 18:09 | Build | House |
| 18:10 | Build | House |
| 18:12 | Build | House |
| 18:13 | Build | House |
| 18:15 | Build | House |
| 18:48 | Create | Skirmisher |
| 18:48 | Create | Skirmisher |
| 18:48 | Create | Skirmisher |
| 18:48 | Create | Skirmisher |
| 18:49 | Create | Skirmisher |
| 18:49 | Create | Skirmisher |
| 18:52 | Research | Padded Archer Armor |
| 18:53 | Research | Fletching |
| 20:24 | Age | Castle Age |
| 20:36 | Build | Castle |
| 20:50 | Research | Leather Archer Armor |
| 20:51 | Research | Bodkin Arrow |
| 20:55 | Research | Wheelbarrow |
| 20:56 | Create | Villager (Male) |
| 20:56 | Create | Villager (Male) |
| 20:56 | Create | Villager (Male) |
| 20:57 | Create | Villager (Male) |
| 20:57 | Create | Villager (Male) |
| 21:41 | Build | University |
| 21:49 | Create | Chu Ko Nu |
| 21:49 | Create | Chu Ko Nu |
| 21:50 | Create | Chu Ko Nu |
| 21:50 | Create | Chu Ko Nu |
| 22:23 | Create | Chu Ko Nu |
| 22:23 | Create | Chu Ko Nu |
| 22:23 | Create | Chu Ko Nu |
| 23:06 | Build | Lumber Camp |
| 23:35 | Research | Double-Bit Axe |
| 24:07 | Create | Villager (Male) |
| 24:07 | Create | Villager (Male) |
| 24:07 | Create | Villager (Male) |
| 24:07 | Create | Villager (Male) |
| 24:16 | Create | Chu Ko Nu |
| 24:16 | Create | Chu Ko Nu |
| 24:16 | Create | Chu Ko Nu |
| 24:16 | Create | Chu Ko Nu |
| 24:17 | Create | Chu Ko Nu |
| 25:54 | Create | Chu Ko Nu |
| 25:54 | Create | Chu Ko Nu |
| 25:54 | Create | Chu Ko Nu |
| 25:54 | Create | Chu Ko Nu |
| 25:54 | Create | Chu Ko Nu |
| 25:55 | Create | Chu Ko Nu |
| 26:53 | Build | Farm |
| 26:54 | Build | Farm |
| 27:07 | Build | Farm |
| 27:11 | Build | Farm |
| 27:32 | Build | Castle |
| 27:39 | Create | Villager (Male) |
| 27:39 | Create | Villager (Male) |
| 27:39 | Create | Villager (Male) |
| 27:40 | Create | Villager (Male) |
| 27:40 | Create | Villager (Male) |
| 27:40 | Create | Villager (Male) |
| 27:40 | Create | Villager (Male) |
| 27:40 | Create | Villager (Male) |
| 28:13 | Build | Market |
| 28:40 | Build | Farm |
| 29:01 | Build | Farm |
| 30:03 | Research | Ballistics |
| 31:17 | Build | Town Center |
| 31:26 | Build | Mining Camp |
| 31:49 | Create | Villager (Male) |
| 31:49 | Create | Villager (Male) |
| 31:49 | Create | Villager (Male) |
| 31:50 | Create | Villager (Male) |
| 33:06 | Research | Imperial Age |
Build order — BlackKanon07
First 150 of 219 actions detected
| 0:00 | Create | Villager (Male) |
| 0:01 | Create | Villager (Male) |
| 0:01 | Create | Villager (Male) |
| 0:01 | Create | Villager (Male) |
| 0:02 | Build | House |
| 0:04 | Build | House |
| 1:31 | Create | Villager (Male) |
| 1:49 | Build | Lumber Camp |
| 1:56 | Create | Villager (Male) |
| 2:29 | Create | Villager (Male) |
| 2:55 | Create | Villager (Male) |
| 3:08 | Create | Villager (Male) |
| 3:23 | Build | House |
| 3:42 | Create | Villager (Male) |
| 4:11 | Create | Villager (Male) |
| 4:38 | Create | Villager (Male) |
| 5:11 | Build | Mill |
| 5:14 | Create | Villager (Male) |
| 5:44 | Create | Villager (Male) |
| 6:02 | Create | Villager (Male) |
| 6:14 | Build | House |
| 6:16 | Create | Villager (Male) |
| 6:57 | Create | Villager (Male) |
| 7:13 | Research | Loom |
| 7:53 | Build | Lumber Camp |
| 8:01 | Research | Feudal Age |
| 8:11 | Build | House |
| 8:16 | Build | Barracks |
| 8:35 | Build | Mining Camp |
| 10:11 | Age | Feudal Age |
| 10:11 | Create | Villager (Male) |
| 10:17 | Build | Archery Range |
| 10:18 | Create | Villager (Male) |
| 10:22 | Research | Double-Bit Axe |
| 10:42 | Create | Villager (Male) |
| 10:50 | Build | House |
| 10:56 | Create | Villager (Male) |
| 11:09 | Build | House |
| 11:16 | Build | Palisade Wall |
| 11:21 | Build | Blacksmith |
| 11:23 | Create | Archer |
| 11:23 | Create | Archer |
| 11:26 | Create | Villager (Male) |
| 11:53 | Create | Archer |
| 11:56 | Create | Villager (Male) |
| 12:09 | Build | House |
| 12:15 | Create | Villager (Male) |
| 12:23 | Research | Fletching |
| 12:26 | Create | Villager (Male) |
| 12:28 | Create | Archer |
| 12:35 | Create | Villager (Male) |
| 12:41 | Build | House |
| 12:47 | Create | Villager (Male) |
| 13:05 | Create | Villager (Male) |
| 13:12 | Build | Archery Range |
| 13:21 | Create | Villager (Male) |
| 13:26 | Create | Archer |
| 13:26 | Create | Archer |
| 13:42 | Build | Palisade Wall |
| 13:46 | Create | Villager (Male) |
| 13:48 | Create | Archer |
| 13:57 | Create | Villager (Male) |
| 14:09 | Create | Archer |
| 14:10 | Create | Archer |
| 14:18 | Build | Palisade Wall |
| 14:32 | Create | Archer |
| 14:32 | Create | Villager (Male) |
| 14:37 | Build | Farm |
| 14:39 | Build | Farm |
| 14:52 | Create | Archer |
| 14:55 | Create | Villager (Male) |
| 15:03 | Build | House |
| 15:04 | Build | House |
| 15:16 | Create | Archer |
| 15:18 | Create | Archer |
| 15:22 | Create | Villager (Male) |
| 15:27 | Build | Farm |
| 15:29 | Build | Farm |
| 15:49 | Create | Villager (Male) |
| 15:59 | Create | Villager (Male) |
| 16:02 | Build | House |
| 16:07 | Create | Villager (Male) |
| 16:15 | Build | Palisade Wall |
| 16:19 | Create | Archer |
| 16:19 | Create | Archer |
| 16:21 | Create | Archer |
| 16:22 | Create | Archer |
| 16:25 | Create | Villager (Male) |
| 16:32 | Build | House |
| 16:39 | Create | Villager (Male) |
| 16:54 | Build | Lumber Camp |
| 17:25 | Create | Villager (Male) |
| 17:27 | Build | Farm |
| 18:10 | Create | Villager (Male) |
| 18:20 | Build | Palisade Wall |
| 18:25 | Create | Villager (Male) |
| 18:26 | Create | Archer |
| 18:27 | Create | Archer |
| 18:28 | Create | Archer |
| 18:29 | Create | Archer |
| 18:36 | Build | Farm |
| 18:37 | Build | Farm |
| 18:38 | Build | Farm |
| 18:39 | Build | Farm |
| 18:45 | Create | Villager (Male) |
| 18:55 | Create | Archer |
| 18:56 | Create | Archer |
| 18:57 | Create | Archer |
| 18:58 | Create | Archer |
| 19:05 | Create | Villager (Male) |
| 19:18 | Build | Market |
| 19:30 | Create | Archer |
| 19:31 | Create | Archer |
| 19:37 | Research | Padded Archer Armor |
| 20:13 | Create | Villager (Male) |
| 20:15 | Build | Farm |
| 20:20 | Build | House |
| 20:25 | Build | Palisade Wall |
| 20:29 | Create | Villager (Male) |
| 20:32 | Build | House |
| 20:37 | Create | Villager (Male) |
| 20:40 | Build | Farm |
| 20:43 | Build | Farm |
| 21:01 | Build | House |
| 21:02 | Build | House |
| 21:05 | Create | Villager (Male) |
| 21:07 | Build | Farm |
| 21:48 | Create | Villager (Male) |
| 21:51 | Build | House |
| 22:00 | Create | Villager (Male) |
| 22:10 | Build | Farm |
| 22:20 | Build | Farm |
| 22:21 | Build | Farm |
| 22:24 | Build | Farm |
| 22:28 | Research | Wheelbarrow |
| 22:48 | Create | Villager (Male) |
| 22:59 | Create | Villager (Male) |
| 23:03 | Create | Archer |
| 23:03 | Create | Archer |
| 23:04 | Create | Archer |
| 23:04 | Create | Archer |
| 23:38 | Research | Castle Age |
| 23:38 | Research | Castle Age |
| 23:52 | Build | Farm |
| 24:15 | Create | Villager (Male) |
| 24:15 | Create | Villager (Male) |
| 24:24 | Build | Archery Range |
| 24:27 | Create | Archer |
| 24:28 | Create | Archer |
| 24:28 | Create | Archer |
Build order — Router
First 150 of 162 actions detected
| 0:03 | Build | House |
| 0:04 | Create | Villager (Male) ×4 |
| 0:07 | Build | House |
| 0:38 | Build | House |
| 1:33 | Create | Villager (Male) |
| 1:55 | Create | Villager (Male) |
| 2:15 | Create | Villager (Male) |
| 2:29 | Create | Villager (Male) |
| 2:48 | Create | Villager (Male) |
| 3:17 | Create | Villager (Male) |
| 3:17 | Create | Villager (Male) |
| 3:20 | Create | Villager (Male) |
| 4:20 | Create | Villager (Male) |
| 4:20 | Create | Villager (Male) |
| 4:20 | Create | Villager (Male) |
| 4:25 | Create | Villager (Male) |
| 4:46 | Create | Villager (Male) |
| 4:46 | Create | Villager (Male) |
| 5:17 | Create | Villager (Male) ×2 |
| 6:43 | Create | Villager (Male) ×4 |
| 8:04 | Build | Settlement |
| 8:34 | Research | Feudal Age |
| 8:52 | Research | Loom |
| 8:53 | Research | Feudal Age |
| 9:03 | Build | Settlement |
| 9:09 | Build | Barracks |
| 9:31 | Create | Villager (Male) |
| 9:32 | Create | Villager (Male) |
| 9:55 | Build | Settlement |
| 10:16 | Build | Barracks |
| 10:21 | Create | Unit 2550 |
| 10:21 | Create | Unit 2550 |
| 11:27 | Age | Feudal Age |
| 11:56 | Research | Wheelbarrow |
| 12:19 | Create | Villager (Male) |
| 12:19 | Create | Villager (Male) |
| 12:36 | Create | Villager (Male) |
| 13:02 | Build | Blacksmith |
| 13:07 | Build | Market |
| 13:28 | Build | Settlement |
| 13:46 | Create | Villager (Male) ×5 |
| 15:31 | Build | Settlement |
| 15:45 | Research | Horse Collar |
| 16:21 | Research | Tech 1402 |
| 16:47 | Research | Double-Bit Axe |
| 16:49 | Research | Gold Mining |
| 16:52 | Research | Horse Collar |
| 17:35 | Research | Fletching |
| 18:23 | Build | Watch Tower |
| 18:44 | Build | Farm |
| 18:44 | Build | Farm |
| 20:29 | Create | Unit 2550 |
| 21:08 | Create | Villager (Male) |
| 21:21 | Build | Farm |
| 21:22 | Build | Farm |
| 21:22 | Build | Farm |
| 21:22 | Build | Farm |
| 21:22 | Build | Farm |
| 21:23 | Build | Farm |
| 22:22 | Create | Villager (Male) |
| 22:43 | Create | Villager (Male) |
| 22:44 | Create | Villager (Male) |
| 22:52 | Build | Farm |
| 23:56 | Create | Villager (Male) |
| 23:58 | Create | Villager (Male) |
| 23:58 | Create | Villager (Male) |
| 23:58 | Create | Villager (Male) |
| 23:59 | Create | Villager (Male) |
| 24:49 | Create | Villager (Male) |
| 24:59 | Create | Villager (Male) |
| 25:20 | Create | Villager (Male) |
| 26:12 | Create | Villager (Male) |
| 26:15 | Create | Villager (Male) |
| 26:21 | Build | Farm |
| 26:21 | Build | Farm |
| 26:21 | Build | Farm |
| 26:25 | Create | Villager (Male) |
| 27:01 | Create | Villager (Male) |
| 27:20 | Build | Farm |
| 29:11 | Research | Padded Archer Armor |
| 29:36 | Create | Villager (Male) |
| 31:00 | Research | Castle Age |
| 31:19 | Build | Outpost |
| 31:30 | Build | Settlement |
| 32:04 | Build | Settlement |
| 32:36 | Build | Outpost |
| 32:42 | Research | Town Watch |
| 33:13 | Create | Unit 2550 |
| 33:13 | Create | Unit 2550 |
| 33:34 | Build | Outpost |
| 33:40 | Age | Castle Age |
| 33:43 | Research | Hand Cart |
| 34:29 | Build | Outpost |
| 34:37 | Create | Villager (Male) ×5 |
| 35:57 | Build | Outpost |
| 37:04 | Create | Villager (Male) |
| 37:06 | Create | Villager (Male) |
| 37:06 | Create | Villager (Male) |
| 37:57 | Research | Tech 1351 |
| 37:58 | Research | Squires |
| 37:59 | Research | Arson |
| 38:14 | Build | Outpost |
| 40:36 | Research | Bow Saw |
| 42:05 | Build | Town Center |
| 42:25 | Research | Stone Mining |
| 42:43 | Create | Unit 2550 ×5 |
| 42:46 | Create | Unit 2550 |
| 43:02 | Create | Villager (Male) ×5 |
| 43:03 | Create | Villager (Male) ×4 |
| 43:47 | Create | Unit 2550 |
| 43:47 | Create | Unit 2550 |
| 43:51 | Create | Villager (Male) |
| 45:12 | Build | Farm |
| 45:12 | Build | Farm |
| 45:12 | Build | Farm |
| 45:12 | Build | Farm |
| 45:13 | Build | Farm |
| 45:13 | Build | Farm |
| 45:13 | Build | Farm |
| 45:15 | Build | Farm |
| 46:55 | Create | Villager (Male) |
| 46:55 | Create | Villager (Male) |
| 46:56 | Create | Villager (Male) |
| 46:56 | Create | Villager (Male) |
| 47:09 | Build | Settlement |
| 47:48 | Research | Heavy Plow |
| 48:06 | Build | Town Center |
| 48:26 | Build | Market |
| 49:08 | Build | Town Center |
| 49:19 | Build | Farm |
| 49:19 | Build | Farm |
| 49:20 | Build | Farm |
| 49:20 | Build | Farm |
| 49:57 | Build | Town Center |
| 50:05 | Build | Farm |
| 50:06 | Build | Farm |
| 50:06 | Build | Farm |
| 50:06 | Build | Farm |
| 50:16 | Create | Villager (Male) ×5 |
| 50:17 | Create | Villager (Male) ×5 |
| 50:23 | Build | House |
| 50:25 | Build | House |
| 50:26 | Build | House |
| 50:26 | Build | House |
| 50:28 | Build | House |
| 51:17 | Build | Market |
| 51:42 | Build | House |
| 51:44 | Build | House |
| 51:56 | Build | Town Center |
| 52:51 | Build | Settlement |
Match timeline
| 4:21 | Fingus · first_building Barracks |
| 8:16 | BlackKanon07 · first_building Barracks |
| 8:37 | RainyNight · first_building Barracks |
| 9:09 | Router · first_building Barracks |
| 9:19 | Lemurius · age_up feudal |
| 10:11 | BlackKanon07 · age_up feudal |
| 10:17 | BlackKanon07 · first_building Archery Range |
| 10:22 | Fingus · age_up feudal |
| 11:11 | Silver Light · age_up feudal |
| 11:16 | BlackKanon07 · wall_segment Palisade Wall x11 |
| 11:27 | Router · age_up feudal |
| 11:59 | Silver Light · first_building Barracks |
| 12:15 | RainyNight · age_up feudal |
| 12:25 | Fingus · first_building Archery Range |
| 13:14 | Silver Light · first_building Archery Range |
| 13:42 | BlackKanon07 · wall_segment Palisade Wall x15 |
| 14:18 | BlackKanon07 · wall_segment Palisade Wall x8 |
| 14:51 | Fingus · wall_segment Palisade Wall x1 |
| 15:08 | Lemurius · first_building Barracks |
| 16:15 | BlackKanon07 · wall_segment Palisade Wall x10 |
| 18:20 | BlackKanon07 · wall_segment Palisade Wall x16 |
| 20:24 | Silver Light · age_up castle |
| 20:25 | BlackKanon07 · wall_segment Palisade Wall x1 |
| 20:36 | Silver Light · first_building Castle |
| 21:24 | Fingus · first_market_sell 100 food |
| 21:34 | Fingus · wall_segment Palisade Wall x3 |
| 21:42 | Fingus · wall_segment Palisade Wall x3 |
| 21:45 | Fingus · wall_segment Palisade Wall x1 |
| 21:46 | Fingus · wall_segment Palisade Wall x8 |
| 23:29 | BlackKanon07 · first_market_sell 100 wood |
| 23:30 | Fingus · wall_segment Palisade Wall x7 |
| 23:32 | BlackKanon07 · first_market_buy 100 food |
| 23:32 | Fingus · wall_segment Palisade Wall x13 |
| 23:37 | RainyNight · age_up castle |
| 24:05 | Fingus · age_up castle |
| 24:28 | Lemurius · age_up castle |
| 24:52 | Lemurius · first_building Stable |
| 25:05 | Fingus · wall_segment Palisade Wall x18 |
| 25:07 | Fingus · wall_segment Palisade Wall x9 |
| 25:09 | Fingus · wall_segment Palisade Wall x6 |
| 25:10 | Fingus · wall_segment Palisade Wall x6 |
| 26:33 | Lemurius · first_building Monastery |
| 26:33 | RainyNight · first_building Castle |
| 27:27 | BlackKanon07 · age_up castle |
| 28:01 | BlackKanon07 · first_building Siege Workshop |
| 28:57 | Fingus · first_building Monastery |
| 28:57 | Silver Light · tribute_sent a jugador 1 |
| 28:57 | Silver Light · tribute_sent a jugador 2 |
| 28:57 | Silver Light · tribute_sent a jugador 3 |
| 28:57 | Silver Light · tribute_sent a jugador 5 |
| 28:57 | Silver Light · tribute_sent a jugador 6 |
| 30:47 | Fingus · first_building Castle |
| 31:17 | Fingus · first_market_buy 100 wood |
| 31:40 | Lemurius · first_building Castle |
| 31:49 | BlackKanon07 · first_building Stable |
| 32:28 | Fingus · wall_segment Palisade Wall x17 |
| 33:40 | Router · age_up castle |
| 34:07 | BlackKanon07 · wall_segment Palisade Wall x1 |
| 34:37 | BlackKanon07 · resign |
| 35:23 | Fingus · age_up imperial |
| 36:16 | Silver Light · age_up imperial |
| 36:25 | Fingus · wall_segment Palisade Wall x4 |
| 41:05 | Router · first_market_buy 100 wood |
| 41:56 | Router · first_market_sell 500 food |
| 42:01 | Lemurius · wall_segment Stone Wall x14 |
| 43:23 | RainyNight · first_building Archery Range |
| 44:46 | Silver Light · first_market_buy 100 stone |
| 44:50 | Silver Light · first_market_sell 100 food |
| 45:50 | Lemurius · age_up imperial |
| 48:02 | RainyNight · age_up imperial |
| 49:01 | Fingus · first_building Siege Workshop |
| 49:05 | Silver Light · tribute_sent a jugador 1 |
| 49:05 | Silver Light · tribute_sent a jugador 2 |
| 49:05 | Silver Light · tribute_sent a jugador 3 |
| 49:05 | Silver Light · tribute_sent a jugador 5 |
| 49:05 | Silver Light · tribute_sent a jugador 6 |
| 50:16 | Fingus · wall_segment Stone Wall x25 |
| 50:22 | Fingus · wall_segment Stone Wall x12 |
| 51:58 | Lemurius · first_building Siege Workshop |
| 52:57 | Silver Light · tribute_sent a jugador 1 |
| 52:57 | Silver Light · tribute_sent a jugador 2 |
| 52:57 | Silver Light · tribute_sent a jugador 3 |
| 52:57 | Silver Light · tribute_sent a jugador 5 |
| 52:57 | Silver Light · tribute_sent a jugador 6 |
| 53:00 | Fingus · wall_segment Stone Wall x6 |
| 53:05 | Fingus · wall_segment Stone Wall x7 |
| 53:07 | Router · tribute_sent a jugador 1 |
| 53:07 | Router · tribute_sent a jugador 2 |
| 53:07 | Router · tribute_sent a jugador 3 |
| 53:07 | Router · tribute_sent a jugador 4 |
| 53:07 | Router · tribute_sent a jugador 5 |
| 53:09 | Fingus · wall_segment Stone Wall x12 |
| 56:02 | Silver Light · tribute_sent a jugador 1 |
| 56:02 | Silver Light · tribute_sent a jugador 2 |
| 56:02 | Silver Light · tribute_sent a jugador 3 |
| 56:02 | Silver Light · tribute_sent a jugador 5 |
| 56:02 | Silver Light · tribute_sent a jugador 6 |
| 56:51 | Router · first_building Siege Workshop |
[ AI ANALYSIS · 1 CREDIT ]
What really happened in this match?
Wolo.gg analyzes every decision: build order, eco, micro, common mistakes by bracket. Personalized analysis on WhatsApp or Discord in 30 seconds.
Civ guide
Franks
Map guide
Arabia
Perfil
Jugador #21242829